Map: Zen LE

Players

Krystianer

  • Race: Protoss Protoss
  • League: Platinum
  • Spawn Location: 7:00

Gerald - Winner!

  • Race: Protoss Protoss
  • Spawn Location: 1:00

Event: IEM Katowice 2020

VOD

Have the link to the VOD?

Description

Time

  • Played on: Feb. 24, 2020, 6:03 a.m.
  • Length: 10:55

All games in this series

Show
View Real Time Build Order
Export as new Build Order

Krystianer Protoss 

Build Orders: Archon Immortal 

Get SALT Encoding   

  12  0:00  Probe  
  13  0:12  Probe  
  14  0:17  Pylon  
  14  0:24  Probe (Chrono Boost)  
  16  0:36  Probe (Chrono Boost)  
  16  0:37  Gateway  
  16  0:43  Probe (Chrono Boost)  
  16  0:46  Assimilator  
  17  0:50  Probe  
  17  0:55  Assimilator  
  18  1:02  Probe (Chrono Boost)  
  19  1:08  Gateway  
  20  1:12  Probe (Chrono Boost)  
  20  1:17  Probe (Chrono Boost)  
  20  1:24  Cybernetics Core  
  21  1:29  Probe  
  22  1:35  Pylon  
  22  1:41  Probe  
  23  1:53  Probe  
  24  1:57  Warp Gate (Chrono Boost)  
  24  2:00  Adept x2  
  28  2:12  Pylon, Shield Battery  
  28  2:30  Stalker x2  
  28  2:34  Pylon  
  32  2:54  Gateway  
  32  3:00  Stalker x2  
  34  3:21  Nexus  
  34  3:31  Robotics Facility  
  34  3:32  Probe (Chrono Boost)  
  34  3:36  Pylon  
  34  3:39  Sentry x2  
  38  3:43  Probe (Chrono Boost)  
  39  3:54  Probe  
  40  4:06  Probe  
  37  4:18  Probe  
  37  4:21  Immortal (Chrono Boost)  
  42  4:26  Gateway  
  42  4:30  Probe  
  43  4:37  Probe  
  44  4:42  Sentry  
  44  4:43  Probe, Sentry  
  49  4:50  Warp Prism (Chrono Boost)  
  51  4:53  Probe  
  51  4:57  Probe  
  53  5:03  Pylon  
  53  5:07  Adept x2  
  57  5:17  Immortal (Chrono Boost)  
  61  5:28  Shield Battery x2  
  61  5:32  Sentry x2  
  65  5:39  Probe  
  67  5:45  Pylon  
  67  5:49  Immortal (Chrono Boost)  
  68  5:55  Probe  
  68  5:58  Assimilator x2  
  68  6:01  Twilight Council  
  68  6:02  Probe  
  68  6:05  Forge  
  68  6:07  Probe  
  69  6:14  Probe  
  70  6:20  Probe  
  71  6:26  Probe, Stalker x2  
  71  6:28  Protoss Ground Weapons Level 1  
  71  6:32  Probe  
  78  6:40  Pylon  
  78  6:42  Gateway  
  78  6:44  Gateway  
  78  6:46  Probe  
  78  7:00  Immortal  
  78  7:09  Charge (Chrono Boost)  
  78  7:11  Gateway  
  78  7:13  Gateway  
  78  7:14  Gateway  
  78  7:26  Gateway  
  78  7:29  Gateway  
  78  7:34  Zealot  
  80  7:40  Phoenix  
  80  7:45  Templar Archives  
  80  7:47  Zealot x3  
  80  7:48  Pylon  
  86  8:10  Nexus  
  86  8:21  High Templar x4  
  86  8:25  Archon  
  86  8:26  Archon  
  91  8:28  Zealot  
  91  8:46  Pylon  
  91  8:52  Pylon  
  91  8:53  Pylon  
  91  8:55  Pylon  
  91  8:56  Pylon  
  91  9:11  Zealot  
  91  9:12  Zealot x7  
  107  9:38  High Templar x2, Zealot  
  111  9:39  Zealot x4  
  111  9:43  Archon  
  121  9:48  Pylon  
  79  10:01  Zealot x3  
  79  10:04  Zealot  
  83  10:13  Archon x3  
  83  10:14  Archon  
  83  10:17  High Templar x4  
  83  10:18  Zealot  
  83  10:21  Archon x2  
  93  10:26  Zealot  
  93  10:28  Zealot  
  95  10:42  Zealot, Stalker  
  79  10:45  Zealot  
Show
View Real Time Build Order
Export as new Build Order

Gerald Protoss - Winner!

Build Orders: Zealot Archon 

Get SALT Encoding   

  12  0:00  Probe  
  13  0:12  Probe  
  14  0:17  Pylon  
  14  0:24  Probe (Chrono Boost)  
  16  0:37  Probe (Chrono Boost), Gateway  
  16  0:42  Probe (Chrono Boost)  
  16  0:45  Assimilator  
  17  0:52  Probe (Chrono Boost)  
  17  0:54  Assimilator  
  19  1:04  Probe (Chrono Boost)  
  19  1:08  Gateway  
  19  1:13  Probe (Chrono Boost)  
  20  1:18  Probe  
  20  1:24  Cybernetics Core  
  21  1:30  Probe  
  22  1:35  Pylon  
  22  1:42  Probe  
  23  1:54  Probe  
  23  2:00  Stargate  
  24  2:01  Warp Gate (Chrono Boost)  
  24  2:04  Stalker x2  
  28  2:12  Probe  
  28  2:14  Pylon  
  29  2:27  Probe  
  30  2:35  Pylon  
  30  2:39  Pylon  
  30  2:44  Stalker x2  
  30  2:46  Shield Battery  
  33  2:58  Robotics Facility  
  31  3:14  Stalker x2  
  35  3:38  Shield Battery  
  35  3:43  Nexus  
  36  3:55  Pylon  
  36  4:00  Shield Battery  
  35  4:08  Immortal (Chrono Boost)  
  37  4:19  Sentry  
  37  4:20  Stalker  
  39  4:26  Probe, Gateway  
  40  4:38  Probe  
  40  4:44  Warp Prism  
  43  4:48  Sentry  
  43  4:51  Sentry  
  47  4:54  Probe  
  47  4:57  Probe  
  49  5:06  Probe  
  50  5:09  Forge  
  50  5:12  Probe  
  52  5:21  Probe (Chrono Boost)  
  52  5:24  Probe (Chrono Boost)  
  53  5:29  Twilight Council  
  53  5:33  Probe (Chrono Boost)  
  53  5:34  Probe (Chrono Boost)  
  55  5:37  Probe (Chrono Boost)  
  55  5:39  Probe (Chrono Boost)  
  57  5:47  Probe  
  58  5:50  Probe  
  58  5:55  Protoss Ground Weapons Level 1 (Chrono Boost)  
  59  6:02  Probe  
  59  6:03  Pylon  
  60  6:06  Assimilator  
  60  6:08  Charge  
  60  6:10  Probe  
  61  6:12  Templar Archives  
  61  6:13  Assimilator  
  61  6:14  Probe  
  62  6:18  Pylon  
  62  6:21  Gateway  
  62  6:22  Probe  
  63  6:26  Probe  
  63  6:29  Adept x2  
  68  6:36  Gateway  
  68  6:40  Probe  
  69  6:50  Stalker  
  69  6:51  Stalker x2  
  68  7:02  Probe  
  69  7:16  Probe  
  69  7:17  Probe  
  71  7:31  Gateway  
  71  7:32  Gateway  
  71  7:37  Gateway x2  
  71  7:40  Pylon  
  70  7:47  High Templar x4  
  78  7:52  Shield Battery  
  78  7:53  Shield Battery  
  78  7:54  Archon x2  
  78  8:00  Protoss Ground Weapons Level 2 (Chrono Boost)  
  78  8:03  Zealot  
  80  8:23  Zealot x3  
  80  8:42  Probe x2  
  82  8:49  Zealot x2  
  82  8:52  Nexus  
  82  8:53  Pylon  
  82  8:56  Pylon  
  82  8:57  Colossus  
  82  8:58  Pylon  
  82  9:00  High Templar x2  
  86  9:06  Archon  
  86  9:14  High Templar x2  
  86  9:15  Zealot x5  
  100  9:17  Probe  
  100  9:23  Archon  
  101  9:31  Immortal  
  105  9:37  Zealot x2  
  109  9:45  Pylon, Shield Battery  
  109  9:47  Shield Battery  
  99  9:52  Zealot x2  
  99  9:53  Zealot  
  97  10:04  High Templar x4  
  97  10:05  Zealot  
  105  10:08  Archon x2  
  105  10:14  Zealot x2  
  109  10:23  High Templar  
  109  10:24  High Templar  
  109  10:27  Archon  
  113  10:28  Zealot  
  113  10:34  Zealot x3  
  119  10:40  Zealot x2  
  103  10:51  Zealot x3  

Tags
 
Add a new tag
Caveats
  • Supply blocks, unpowered buildings, or Contaminate may cause inaccurate times.
  • Supply counts are checked every 10 seconds.